 Dungeon Crawl Stone Soup version 0.29.0-4-gdea44cf6ec (webtiles) character file.

Game seed: 14579578075799848162

121 qw the Chopper (level 5, -4/33 HPs)
             Began as a Tengu Warper on Aug 28, 2022.
             Slain by an orc priest
             ... wielding a +2 hand axe of freezing
              (6 damage)
             ... on level 3 of the Dungeon.
             The game lasted 00:00:13 (3012 turns).

qw the Chopper (Tengu Warper)                       Turns: 3012, Time: 00:00:13

Health: -4/33      AC: 10    Str: 14    XL:     5   Next: 5%
Magic:  9/9        EV:  5    Int: 13    God:
Gold:   59         SH:  0    Dex: 13    Spells: 8/8 levels left

rFire   . . .      SeeInvis .   Y - +0 hand axe (vorpal)
rCold   . . .      Faith    .   (no shield)
rNeg    . . .      Spirit   .   f - +0 plate armour
rPois   .          Reflect  .   (helmet restricted)
rElec   .          Harm     .   (no cloak)
rCorr   .          Rampage  .   (no gloves)
Will    .....                   (boots unavailable)
Stlth   ..........              (no amulet)
HPRegen 0.11/turn               (no ring)
MPRegen 0.11/turn               (no ring)

@: about to teleport, flying quickly and evasively, quick
A: beak, talons 3, nimble flight, robust 1
a: no special abilities


You were on level 3 of the Dungeon.
You visited 1 branch of the dungeon, and saw 3 of its levels.

You collected 59 gold pieces.


Innate Abilities, Weirdness & Mutations

You have a beak for a mouth.
You have claws for feet.
Your magical nature lets you fly swiftly and evasively.
You are robust. (+10% HP)


   Skills:
 - Level 2.0 Fighting
 + Level 5.2 Axes
 - Level 1.0 Throwing
 - Level 2.0 Armour
 - Level 2.1 Dodging
 - Level 2.0 Spellcasting
 - Level 2.4 Translocations


You had 8 spell levels left.
You didn't know any spells.
Your spell library contained the following spells:

 Spells                   Type           Power      Damage    Failure   Level
 Blink                    Tloc           14%        N/A       100%        2
 Gell's Gravitas          Tloc           7%         N/A       100%        3
 Lesser Beckoning         Tloc           7%         N/A       100%        3
 Teleport Other           Tloc           7%         N/A       100%        3
 Manifold Assault         Tloc           7%         N/A       100%        5

Inventory:

Hand Weapons
 g - a +0 whip
 Y - a +0 vorpal hand axe (weapon)
Armour
 f - a +0 plate armour (worn)
Scrolls
 a - a scroll of teleportation
 i - a scroll of identify
Potions
 d - a potion of haste {unknown}
 e - a potion of invisibility {unknown}
 m - a potion of mutation

Dungeon Overview and Level Annotations

Branches:
Dungeon (3/15)

Altars:

Shops:
D:2 *


Message History

What level of the Dungeon? (default 1, ? - help)
There is a stone staircase leading down here.
You fly downwards.
The orc shouts!
The orc priest shouts!
There is a stone staircase leading up here.
There are monsters nearby!
Existing waypoints: (1) D:2 (2) D:1 Assign waypoint to what number? (0-9, D - delete waypoint) Waypoint 2 re-assigned from D:1 to D:3.
Enter note: You barely miss the orc.
Your peck misses the orc.
The orc priest calls down the wrath of Beogh upon you.
Beogh smites you!
You hit the orc.
You kill the orc!
You barely miss the orc. The orc hits you but does no damage.
You slash the orc priest! You claw the orc priest.
The orc priest is almost dead.
You hit the orc.
The orc priest hits you with a +2 hand axe of freezing.
The orc priest freezes you. The orc hits you but does no damage.
You hit the orc priest but do no damage.
You claw the orc priest.
The orc priest is almost dead.
You barely miss the orc.
The orc priest hits you with a +2 hand axe of freezing.
The orc priest freezes you. The orc hits you with a +0 flail.
You closely miss the orc priest. Your peck misses the orc priest.
Your punch misses the orc priest.
The orc priest is almost dead.
You barely miss the orc.
The orc priest hits you with a +2 hand axe of freezing.
The orc priest freezes you. The orc hits you but does no damage.
3012 ||| READING 2 scrolls of teleportation.
As you read the scroll of teleportation, it crumbles to dust.
You feel strangely unstable.
The orc priest hits you with a +2 hand axe of freezing.
You die...

.. ...
############..
#............
#..........#
#..........#
#.....oo...#
#.....)@...#
#..........#
#..........#
#.........<#
##########...#
##..# #...
.#.# .#.#


You could see an orc priest and an orc.

Vanquished Creatures
  Jessica (D:2)
  Robin (D:2)
  2 adders (D:2)
  A dart slug (D:1)
  An orc (D:3)
  5 ball pythons
  3 endoplasms (D:2)
  3 giant cockroaches
  16 goblins (D:2)
  7 hobgoblins
  6 kobolds
  A quokka (D:1)
  4 bats
  2 frilled lizards
  7 rats
60 creatures vanquished.

Notes
Turn   | Place    | Note
-------+----------+-------------------------------------------
     0 | D:1      | qw the Tengu Warper began the quest for the Orb.
     0 | D:1      | Reached XP level 1. HP: 12/12 MP: 4/4
     0 | D:1      | 0 ||| qw: Version: 0.1-a-89-g26bdef1
     0 | D:1      | 0 ||| qw: Game counter: 836
     0 | D:1      | 0 ||| qw: Always use a shield: true
     0 | D:1      | 0 ||| qw: God list: Okawaru
     0 | D:1      | 0 ||| qw: Allow faded altars: false
     0 | D:1      | 0 ||| qw: Do Orc after D:15 true
     0 | D:1      | 0 ||| qw: Do second Lair branch before Depths: true
     0 | D:1      | 0 ||| qw: Lair rune preference: random
     0 | D:1      | 0 ||| qw: Plans: Normal
     0 | D:1      | 0 ||| PLANNING D:1-11
    86 | D:1      | 86 ||| Stepping ~*~*~tactically~*~*~ (hiding).
   109 | D:1      | 109 ||| Stepping ~*~*~tactically~*~*~ (stealth).
   110 | D:1      | 110 ||| Stepping ~*~*~tactically~*~*~ (hiding).
   212 | D:1      | 212 ||| Stepping ~*~*~tactically~*~*~ (hiding).
   314 | D:1      | 314 ||| Stepping ~*~*~tactically~*~*~ (hiding).
   518 | D:1      | 518 ||| Stepping ~*~*~tactically~*~*~ (stealth).
   519 | D:1      | 519 ||| Stepping ~*~*~tactically~*~*~ (stealth).
   527 | D:1      | Reached skill level 3 in Axes
   527 | D:1      | Reached XP level 2. HP: 14/17 MP: 6/6
   856 | D:1      | 856 ||| Stepping ~*~*~tactically~*~*~ (stealth).
   872 | D:1      | 872 ||| Stepping ~*~*~tactically~*~*~ (stealth).
   991 | D:1      | Found a faded altar of an unknown god.
  1111 | D:1      | 1111 ||| Stepping ~*~*~tactically~*~*~ (stealth).
  1487 | D:1      | 1487 ||| UPGRADING to +0 plate armour.
  1497 | D:1      | 1497 ||| DROPPING +0 leather armour.
  1498 | D:1      | 1498 ||| READING scroll labelled HIBISE DUUFUNG.
  1499 | D:1      | 1499 ||| READING scroll labelled PANUAG REU.
  1500 | D:1      | 1500 ||| READING 2 scrolls labelled VUSOSAE FUREN.
  1501 | D:1      | 1501 ||| READING scroll labelled GIRITO PIALI.
  1505 | D:1      | 1505 ||| READING scroll labelled CIASMATSO ZYNEES.
  1506 | D:1      | 1506 ||| DRINKING 2 lumpy cyan potions.
  1506 | D:1      | Gained mutation: You are robust. (+10% HP) [potion of
                  | mutation]
  1508 | D:1      | 1508 ||| DROPPING scroll of blinking.
  1543 | D:2      | Reached XP level 3. HP: 21/23 MP: 7/7
  1631 | D:2      | Found Zuotz's General Store.
  1645 | D:2      | Reached skill level 4 in Axes
  1658 | D:2      | 1658 ||| Stepping ~*~*~tactically~*~*~ (stealth).
  2006 | D:2      | Noticed Jessica
  2011 | D:2      | Killed Jessica
  2012 | D:2      | Reached XP level 4. HP: 18/28 MP: 8/8
  2124 | D:2      | 2124 ||| DROPPING +0 club.
  2244 | D:2      | 2244 ||| Stepping ~*~*~tactically~*~*~ (stealth).
  2248 | D:2      | Noticed Robin
  2249 | D:2      | 2249 ||| Stepping ~*~*~tactically~*~*~ (stealth).
  2277 | D:2      | 2277 ||| Stepping ~*~*~tactically~*~*~ (stealth).
  2291 | D:2      | 2291 ||| Stepping ~*~*~tactically~*~*~ (stealth).
  2310 | D:2      | Killed Robin
  2311 | D:2      | Reached skill level 5 in Axes
  2621 | D:2      | 2621 ||| DROPPING +1 spectral club.
  2715 | D:2      | Gained mutation: Your magical nature lets you fly swiftly
                  | and evasively. [Tengu growth]
  2715 | D:2      | Reached XP level 5. HP: 33/33 MP: 9/9
  2874 | D:2      | 2874 ||| READING scroll labelled MOVOTA PUSEQ.
  2875 | D:2      | 2875 ||| READING scroll labelled KOINAOPPISCH.
  2876 | D:2      | 2876 ||| DRINKING 2 purple potions.
  2977 | D:2      | 2977 ||| DROPPING potion of ambrosia.
  3011 | D:3      | HP: 5/33 [orc priest/+2 hand axe of freezing (5)]
  3011 | D:3      | HP: 2/33 [orc priest/+2 hand axe of freezing (3)]
  3012 | D:3      | 3012 ||| READING 2 scrolls of teleportation.
  3012 | D:3      | Slain by an orc priest

Levels and vault maps discovered:
D:1:      zaba_arrival_water, layout_loops_cross,
          shapermc_ecumenical_altar_totnotflames,
          chequers_serial_rivers_micro_d, roderic_roman_lattice
D:2:      layout_basic, serial_shops, nicolae_shop_statue_plus, st_stairs_4,
          uniq_jessica, uniq_robin
D:3:      layout_rooms, uniq_sigmund

Skill      XL: |  1  2  3  4 |
---------------+-------------+-----
Axes           | 3 4 5 |  5.2
Armour         | 2 |  2.0
Fighting       | |  2.0
Throwing       | |  1.0
Dodging        | |  2.1
Spellcasting   | |  2.0
Translocations | |  2.4

Action                   |  1- 3 |  4- 6 || total
-------------------------+-------+-------++-------
Melee: Hand axe          |    58 |    67 ||   125
       Peck              |    12 |     7 ||    19
       Kick              |    13 |    20 ||    33
       Punch             |       |     1 ||     1
Throw: Boomerang         |     7 |       ||     7
  Use: Scroll            |     5 |     3 ||     8
       Potion            |     1 |     1 ||     2
Armor: Leather armour    |     7 |       ||     7
       Plate armour      |    12 |    38 ||    50
Dodge: Dodged            |    20 |     8 ||    28

Table legend:
 A = Non-vault XP
 B = Vault XP
 C = Vault XP percentage of total XP
 D = Non-vault monster count
 E = Vault monster count
 F = Vault count percentage of total count
                 A         B        C        D         E       F
            +---------+---------+-------+---------+---------+-------
      Total |      99 |      75 |  43.1 |      45 |      15 |  25.0
            +---------+---------+-------+---------+---------+-------
        D:1 |      28 |       0 |   0.0 |      17 |       0 |   0.0
        D:2 |      68 |      75 |  52.4 |      27 |      15 |  35.7
        D:3 |       3 |       0 |   0.0 |       1 |       0 |   0.0
            +---------+---------+-------+---------+---------+-------
